 Dungeon Crawl Stone Soup version 0.31-a0-165-g3f4f80340b (webtiles) character file.

Game seed: 11824333447094242530

33 qw the Shooter (level 3, 0/32 HPs)
             Began as a Naga Hunter on June 13, 2023.
             Slain by a gnoll
             ... wielding a +0 whip
              (5 damage)
             ... on level 2 of the Dungeon.
             The game lasted 00:00:21 (726 turns).

qw the Shooter (Naga Hunter)                         Turns: 726, Time: 00:00:22

Health: 0/32       AC:  2    Str: 13    XL:     3   Next: 29%
Magic:  3/3        EV:  9    Int:  9    God:
Gold:   14         SH:  0    Dex: 16    Spells: 2/2 levels left

rFire   . . .        Y - +0 shortbow
rCold   . . .        (shield currently unavailable)
rNeg    . . .        c - +0 leather armour
rPois   +            (no helmet)
rElec   .            (no cloak)
rCorr   .            (no gloves)
SInv    +            (no barding)
Will    .....        (no amulet)
Stlth   ++           (no ring)
HPRegen 0.25/turn    (no ring)
MPRegen 0.08/turn

%: no passive effects
@: very slow
A: AC +1, large, see invisible, deformed body, poison resistance, slowness 2,
spit poison 1, naga tail 1
a: Spit Poison


You were on level 2 of the Dungeon.
You visited 1 branch of the dungeon, and saw 2 of its levels.

You collected 14 gold pieces.


Innate Abilities, Weirdness & Mutations

Your serpentine skin is tough. (AC +1)
You have supernaturally acute eyesight. (SInv)
Armour fits poorly on your strangely shaped body.
Your system is resistant to poisons. (rPois)
You cover ground very slowly.
You can spit poison.
You have a snake-like lower body.


   Skills:
 - Level 2.0 Fighting
 + Level 4.6 Ranged Weapons
 - Level 1.5 Dodging
 - Level 1.5 Stealth


You had 2 spell levels left.
You didn't know any spells.
Your spell library was empty.

Inventory:

Hand Weapons
 Y - a +0 shortbow (weapon)
Armour
 c - a +0 leather armour (worn)
Potions
 f - a potion of brilliance {unknown}

Dungeon Overview and Level Annotations

Branches:
Dungeon (2/15)

Altars:

Shops:
D:1 [([*   D:2 [


Message History

Waypoint 1 assigned to D:2.
679 ||| INVOKING Spit Poison.
Aiming: Spit Poison (2% risk of failure)
Press: ? - help, Shift-Dir - straight line, f - bat The splash of poison hits the bat.
You kill the bat!
A gnoll comes into view. It is wielding a +0 club.
You shoot an arrow. The gnoll shouts!
The arrow hits the gnoll but does no damage.
You shoot an arrow. The arrow barely misses the gnoll. x2
You shoot an arrow. The arrow hits the gnoll.
The gnoll is lightly wounded.
You shoot an arrow.
The arrow hits the gnoll but does no damage.
The gnoll is lightly wounded.
The gnoll closely misses you.
You shoot an arrow. The arrow hits the gnoll.
The gnoll is lightly wounded.
You have got your breath back.
The gnoll hits you from afar with a +0 spear!
685 ||| STAIRDANCE The gnoll barely misses you.
You climb upwards.
There is a stone staircase leading down here.
Enter note:
Enter note:
Enter note: You start resting.
HP restored.
Done exploring.
(D) Dungeon
Where to? (* - list waypoints, Enter - D:2, ? - help)
What level of the Dungeon? (default 1, ? - help)
You climb downwards.
The gnoll hits you with a +0 whip! The gnoll hits you with a +0 spear!
The gnoll hits you with a +0 whip! The gnoll hits you with a +0 spear.
There is a stone staircase leading up, spattered with blood here.
726 ||| STAIRDANCE The gnoll hits you with a +0 whip.
You die...

#####
.#####...#
.......@.#
....##gg.#
. ..#.##
P...#g#
..P\P #%#


#.PPP ... .... #.. ..#. #.. You could see 3 gnolls.

Vanquished Creatures
  3 dart slugs (D:1)
  6 endoplasms (D:1)
  2 goblins (D:1)
  3 kobolds (D:1)
  A quokka (D:1)
  4 ball pythons (D:1)
  4 bats
  A frilled lizard (D:1)
  2 rats (D:1)
26 creatures vanquished.

Notes
Turn   | Place    | Note
-------+----------+-------------------------------------------
     0 | D:1      | qw the Naga Hunter began the quest for the Orb.
     0 | D:1      | Reached XP level 1. HP: 19/19 MP: 1/1
     0 | D:1      | 0 ||| qw: Version: 0.2-a-29-gc1b59c4
     0 | D:1      | 0 ||| qw: Game counter: 4691
     0 | D:1      | 0 ||| qw: Always use a shield: true
     0 | D:1      | 0 ||| qw: God list: Okawaru
     0 | D:1      | 0 ||| qw: Allow faded altars: false
     0 | D:1      | 0 ||| qw: Do Orc after D:15 true
     0 | D:1      | 0 ||| qw: Do second Lair branch before Depths: true
     0 | D:1      | 0 ||| qw: Lair rune preference: random
     0 | D:1      | 0 ||| qw: Plans: Normal
     0 | D:1      | 0 ||| PLANNING D:1-11
    18 | D:1      | 18 ||| INVOKING Spit Poison.
    22 | D:1      | 22 ||| INVOKING Spit Poison.
    46 | D:1      | 46 ||| INVOKING Spit Poison.
    49 | D:1      | 49 ||| FLEEEEING.
    50 | D:1      | 50 ||| FLEEEEING.
    51 | D:1      | 51 ||| FLEEEEING.
    57 | D:1      | 57 ||| FLEEEEING.
    58 | D:1      | 58 ||| FLEEEEING.
    59 | D:1      | 59 ||| FLEEEEING.
    60 | D:1      | 60 ||| FLEEEEING.
    61 | D:1      | 61 ||| FLEEEEING.
    62 | D:1      | 62 ||| FLEEEEING.
    63 | D:1      | 63 ||| FLEEEEING.
    69 | D:1      | 69 ||| FLEEEEING.
    77 | D:1      | Reached skill level 4 in Ranged Weapons
    77 | D:1      | Reached XP level 2. HP: 24/26 MP: 2/2
   171 | D:1      | 171 ||| INVOKING Spit Poison.
   181 | D:1      | 181 ||| INVOKING Spit Poison.
   189 | D:1      | Found Voosa's Antique Armour Shop.
   199 | D:1      | 199 ||| SHOPLISTING distressingly furry leather armour (161
                  | gold, have 0).
   199 | D:1      | 199 ||| SHOPLISTING dyed leather armour (115 gold, have 0).
   199 | D:1      | 199 ||| SHOPLISTING glowing robe (85 gold, have 0).
   199 | D:1      | 199 ||| SHOPLISTING pair of gloves (103 gold, have 0).
   221 | D:1      | Found Tiufoh's Antique Weapon Shop.
   243 | D:1      | 243 ||| INVOKING Spit Poison.
   272 | D:1      | 272 ||| INVOKING Spit Poison.
   295 | D:1      | Found Runef's General Store.
   298 | D:1      | 298 ||| INVOKING Spit Poison.
   301 | D:1      | Reached XP level 3. HP: 28/32 MP: 3/3
   324 | D:1      | 324 ||| SHOPLISTING potion of haste (130 gold, have 0).
   324 | D:1      | 324 ||| SHOPLISTING scroll of enchant armour (97 gold, have
                  | 0).
   324 | D:1      | 324 ||| SHOPLISTING scroll of identify (26 gold, have 0).
   352 | D:1      | Found Veffa's Antique Armour Shoppe.
   355 | D:1      | 355 ||| SHOPLISTING faintly humming helmet (237 gold, have
                  | 0).
   355 | D:1      | 355 ||| SHOPLISTING runed ring mail (175 gold, have 0).
   360 | D:1      | 360 ||| INVOKING Spit Poison.
   398 | D:1      | Found a faded altar of an unknown god.
   640 | D:1      | 640 ||| READING scroll labelled OKAULLEL DISTRA.
   641 | D:1      | 641 ||| READING scroll labelled UVER YDUZ ZAT.
   642 | D:1      | 642 ||| DROPPING scroll of butterflies.
   678 | D:2      | Found Ryzxod's Antique Armour Emporium.
   679 | D:2      | 679 ||| INVOKING Spit Poison.
   685 | D:2      | 685 ||| STAIRDANCE
   725 | D:2      | HP: 7/32 [gnoll/+0 whip (8)]
   726 | D:2      | 726 ||| STAIRDANCE
   726 | D:2      | Slain by a gnoll

Levels and vault maps discovered:
D:1:      sevenhm_arrival_forest_fort_large_4, layout_rooms, serial_shops,
          nicolae_shop_tiny_real_fake_doors, shop, shop, shop,
          shapermc_ecumenical_altar_flowoftime
D:2:      minmay_chambers_of_ones, layout_loops_cross, serial_shops, shop,
          shop_statue, nicolae_shop_overgrown_old_shop, minmay_vboxes

Skill      XL: |  1 |
---------------+----+-----
Ranged Weapons | 4 |  4.6
Fighting       | |  2.0
Dodging        | |  1.5
Stealth        | |  1.5

Action                     || total
---------------------------++-------
   Fire: Shortbow          ||    56
Ability: Spit Poison       ||    10
    Use: Scroll            ||     2
 Armour: Leather armour    ||     4
  Dodge: Dodged            ||     7

Table legend:
 A = Non-vault XP
 B = Vault XP
 C = Vault XP percentage of total XP
 D = Non-vault monster count
 E = Vault monster count
 F = Vault count percentage of total count
                 A         B        C        D         E       F
            +---------+---------+-------+---------+---------+-------
      Total |      48 |       0 |   0.0 |      26 |       0 |   0.0
            +---------+---------+-------+---------+---------+-------
        D:1 |      47 |       0 |   0.0 |      25 |       0 |   0.0
        D:2 |       1 |       0 |   0.0 |       1 |       0 |   0.0
            +---------+---------+-------+---------+---------+-------
